 Dungeon Crawl Stone Soup version 0.28.0-1-gb440e238dd (webtiles) character file.

Game seed: 17541674921942276454

162 croobank the Charlatan (level 5, -7/67 HPs)
             Began as a Deep Dwarf Artificer on Feb 23, 2022.
             Was a Believer of Nemelex Xobeh.
             Killed by divine providence
             ... invoked by an orc priest
              (11 damage)
             ... on level 4 of the Dungeon on Feb 24, 2022.
             The game lasted 00:15:09 (1671 turns).

croobank the Charlatan (Deep Dwarf Artificer)       Turns: 1671, Time: 00:15:09

Health: -7/67      AC: 22    Str: 17    XL:     5   Next: 19%
Magic:  5/5        EV:  2    Int: 12    God:    Nemelex Xobeh [**....]
Gold:   91         SH:  0    Dex: 13    Spells: 2/4 levels left

rFire   + . .      SeeInvis .   a - +0 short sword (venom)
rCold   + . .      Faith    .   (no shield)
rNeg    . . .      Spirit   .   (armour currently unavailable)
rPois   +          Reflect  .   (helmet currently unavailable)
rElec   +          Harm     .   (cloak currently unavailable)
rCorr   +          Rampage  .   (gloves currently unavailable)
Will    .....      NoTele   +   (boots currently unavailable)
Stlth   ++........              (no amulet)
HPRegen 0.00/turn               (no ring)
MPRegen 0.09/turn               (no ring)

@: tree-form, resistant
A: stationary, stasis, torment immunity, boosted hp, damage resistance, heal
wounds, sense surroundings 1, no regeneration
a: Heal Wounds, Renounce Religion, Draw Escape, Draw Destruction, Draw Summoning


You were on level 4 of the Dungeon.
You worshipped Nemelex Xobeh.
Nemelex Xobeh was pleased with you.
You were a tree.
You visited 1 branch of the dungeon, and saw 4 of its levels.

You collected 91 gold pieces.

Inventory:

Hand Weapons
 a - a +0 short sword of venom (weapon)
 k - a +0 club
 p - a +2 dagger of holy wrath
 q - a +2 short sword of distortion
Missiles
 g - 6 javelins
 i - 51 stones
 s - 8 poisoned darts
Armour
 b - a +0 leather armour (melded)
 r - a +0 ring mail
Wands
 c - a wand of flame (14)
 d - a wand of charming (10) (quivered)
Scrolls
 h - a scroll of magic mapping {unknown}
 j - 2 scrolls of fear {unknown}
 m - a scroll of vulnerability {unknown}
 n - 3 scrolls of identify {unknown}
 o - a scroll of noise {unknown}
Potions
 f - a potion of lignification
Miscellaneous
 e - a piece from Xom's chessboard (15/15)


   Skills:
 + Level 2.1 Fighting
 + Level 3.3 Armour
 + Level 2.6 Dodging
 + Level 3.0 Stealth
 + Level 5.0 Evocations


You had 2 spell levels left.
You knew the following spells:

 Your Spells              Type           Power      Damage    Failure   Level
a - Blink                 Tloc           0%         N/A       45%         2

Your spell library contained the following spells:

 Spells                   Type           Power      Damage    Failure   Level
 Lesser Beckoning         Tloc           0%         N/A       69%         3
 Manifold Assault         Tloc           0%         N/A       100%        5


Dungeon Overview and Level Annotations

Branches:
Dungeon (4/15)
 Temple: D:4-7

Altars:
Hepliaklqana
Nemelex Xobeh

Shops:
D:1 (


Innate Abilities, Weirdness & Mutations

You are a tree.
Your roots penetrate the ground, keeping you stationary.
You cannot be teleported.
You are immune to unholy pain and torment.
Your maximum health is greatly increased.
Your equipment is partially melded.
You are resistant to damage.
You can heal yourself by infusing magical energy.
You passively map a small area around you.
You do not regenerate.


Message History

Found a stone staircase leading up and a stone staircase leading down.
There is a stone staircase leading up here.
An orc comes into view. It is wielding a +0 club.
An orc priest comes into view. It is wielding a +0 dagger.
Found a scroll labelled KATHOI PIOLAW.
The orc priest shouts!
You hear a shout!
An orc comes into view. It is wielding a +0 trident.
The orc shouts!
An orc comes into view. It is wielding a +0 hand axe.
The orc priest mumbles some strange prayers to Beogh against you.
Pain shoots through your body!
You closely miss the orc priest.
A ball python comes into view.
An orc priest comes into view. It is wielding a +2 mace of protection.
The orc priest hits you with a +0 dagger.
The orc shouts! x2; The ball python hisses angrily.
You hit the orc priest.
The orc priest is moderately wounded.
The orc priest mumbles some strange prayers to Beogh against you.
Beogh smites you!
The orc hits you from afar with a +0 trident.
* * * LOW HITPOINT WARNING * * *
You draw a card...
You have drawn the Tomb.
Walls emerge from the floor!
The orc closely misses you.
The orc priest hits you but does no damage.
The walls disappear prematurely!
The orc priest calls down the wrath of Beogh upon you.
Beogh smites you!
* * * LOW HITPOINT WARNING * * *
Okay, then.
It was a potion of lignification.
You turn into a tree.
Your +0 leather armour melds into your body.
Your roots penetrate the ground.
The orc priest hits you but does no damage.
It was a potion of resistance.
You feel protected.
The orc priest calls down the wrath of Beogh upon you.
Beogh smites you!
You die...
Your body disappears without a glow.

#...........##. *
* #.............*
, ###>............
*
*#.............###
,
.......<....<....,
, ,
................#
,
................#
* ,
................#
*
........♣ooo.....
.?.#......o......
..###.......S....
* ..,
#...?.##o....
#.......#*....., ,
, #......## ?...
#......#* , ..., ,
........ . *,
,....#.. ,


You could see 2 orc priests, 3 orcs and a ball python.

Vanquished Creatures
  A gnoll (D:1)
  2 adders (D:2)
  A dart slug (D:2)
  3 ball pythons
  5 bats
  3 endoplasms
  3 giant cockroaches
  5 goblins
  5 hobgoblins
  2 jackals (D:1)
  5 kobolds
  5 quokkas (D:1)
  4 frilled lizards
  4 rats
48 creatures vanquished.

Vanquished Creatures (collateral kills)
  An orc priest (D:3)
  4 gnolls (D:3)
  4 orcs (D:3)
  A ball python (D:3)
  A kobold (D:3)
  A rat (D:3)
12 creatures vanquished.

Vanquished Creatures (others)
  A rat (D:1)
  5 plants (D:1)
6 creatures vanquished.

Grand Total: 66 creatures vanquished

Notes
Turn   | Place    | Note
-------+----------+-------------------------------------------
     0 | D:1      | croobank the Deep Dwarf Artificer began the quest for the
                  | Orb.
     0 | D:1      | Reached XP level 1. HP: 16/16 MP: 1/1
    48 | D:1      | Reached skill level 1 in Fighting
   141 | D:1      | Reached XP level 2. HP: 17/25 MP: 2/2
   371 | D:1      | Found a faded altar of an unknown god.
   635 | D:1      | Found Wuthest's Antique Weapon Shoppe.
   678 | D:1      | Reached XP level 3. HP: 22/31 MP: 3/3
   726 | D:1      | Prayed at the altar of an unknown god.
   726 | D:1      | Became a worshipper of Nemelex Xobeh the Trickster
   726 | D:1      | Reached * piety under Nemelex Xobeh
   726 | D:1      | Received a gift from Nemelex Xobeh
  1037 | D:2      | Found a hazy altar of Hepliaklqana.
  1128 | D:2      | Reached XP level 4. HP: 36/39 MP: 4/4
  1173 | D:2      | Learned a level 2 spell: Blink
  1180 | D:2      | Received a gift from Nemelex Xobeh
  1329 | D:3      | Reached ** piety under Nemelex Xobeh
  1613 | D:3      | Reached skill level 5 in Evocations
  1613 | D:3      | Reached XP level 5. HP: 40/45 MP: 5/5
  1669 | D:4      | HP: 2/45 [orc priest/divine providence (11)]
  1671 | D:4      | Killed from afar by an orc priest

Illustrated notes

Levels and vault maps discovered:
D:1:      minmay_arrival_doors, layout_loops_ring,
          shapermc_ecumenical_altar_mp_ritualfount, serial_shops,
          nicolae_shop_overgrown_old_shop
D:2:      layout_basic, basic_altar, serial_park_tiny_pond
D:3:      layout_loops_ring
D:4:      layout_cave_pools, enter_ossuary_3, uniq_ijyb, uniq_eustachio

Skill      XL: |  1  2  3  4 |
---------------+-------------+-----
Fighting       | 1 2 |  2.1
Stealth        | 2 3 |  3.0
Dodging        | 2 |  2.6
Armour         | 3 |  3.3
Evocations     | 5 |  5.0

Action                   |  1- 3 |  4- 6 || total
-------------------------+-------+-------++-------
Melee: Club              |   175 |       ||   175
       Punch             |     3 |       ||     3
       Short sword       |    26 |    20 ||    46
Invok: Draw Destruction  |     1 |       ||     1
       Draw Summoning    |       |     2 ||     2
       Draw Escape       |       |     1 ||     1
 Abil: Heal Wounds       |     4 |       ||     4
Evoke: Wand              |     6 |       ||     6
  Use: Potion            |       |     2 ||     2
 Stab: Sleeping          |     3 |       ||     3
Armor: Leather armour    |    74 |     6 ||    80
       Skin              |       |     1 ||     1
Dodge: Dodged            |   174 |    14 ||   188
